 Dungeon Crawl Stone Soup version 0.23.0 (webtiles) character file.

Game seed: 15584330967902912026

160 xccam the Cudgeler (level 5, -3/70 HPs)
             Began as a Gnoll Berserker on Feb 17, 2019.
             Was a Believer of Trog.
             Slain by Grinder (6 damage)
             ... on level 3 of the Dungeon.
             The game lasted 00:03:58 (1862 turns).

xccam the Cudgeler (Gnoll Berserker)                Turns: 1862, Time: 00:03:59

Health: -3/70      AC:  2    Str: 26    XL:     5   Next: 41%
Magic:  7/7        EV: 14    Int:  9    God:    Trog [**....]
Gold:   79         SH:  0    Dex: 14    Spells: 6/6 levels left

rFire    . . .     SeeInvis .   w - +0 flail
rCold    . . .     Gourm    .   (no shield)
rNeg     . . .     Faith    .   b - +0 animal skin
rPois    .         Spirit   .   (no helmet)
rElec    .         Reflect  .   (no cloak)
rCorr    .         Harm     .   (no gloves)
MR       .....                  (no boots)
Stlth    ..........             m - amulet of magic regeneration
HPRegen  0.21/turn              k - ring of stealth
MPRegen  0.35/turn              (no ring)

@: berserking (expiring), lethally poisoned (-3 -> -11), very quick
A: distributed training, fangs 1, strong nose
a: Berserk, Trog's Hand, Renounce Religion


You were on level 3 of the Dungeon.
You worshipped Trog.
Trog was pleased with you.
You were very hungry.

You visited 1 branch of the dungeon, and saw 3 of its levels.

You collected 79 gold pieces.

Inventory:

Hand Weapons
 w - a +0 flail (weapon)
Missiles
 r - 2 javelins (quivered)
Armour
 b - a +0 animal skin (worn)
Jewellery
 k - a ring of stealth (left hand)
 m - an amulet of magic regeneration (around neck)
Wands
 x - a wand of iceblast (6)
Scrolls
 f - 5 scrolls of remove curse {unknown}
 h - 2 scrolls of immolation {unknown}
 j - 6 scrolls of identify {unknown}
 l - a scroll of amnesia {unknown}
 n - 2 scrolls of enchant armour {unknown}
 o - a scroll of blinking {unknown}
 p - a scroll of magic mapping {unknown}
 q - a scroll of noise {unknown}
 v - a scroll of teleportation {unknown}
Potions
 a - a potion of resistance {unknown}
 d - a potion of heal wounds {unknown}
 e - 3 potions of curing {unknown}
 g - 4 potions of berserk rage {unknown}
 i - a potion of mutation {unknown}
 s - a potion of flight {unknown}
 t - a potion of degeneration {unknown}
 u - a potion of brilliance {unknown}
Comestibles
 c - 7 rations
 z - 2 chunks of flesh


   Skills:
 + Level 6.7 Fighting
 + Level 1.4 Short Blades
 + Level 1.4 Long Blades
 + Level 1.4 Axes
 + Level 6.7 Maces & Flails
 + Level 1.4 Polearms
 + Level 1.4 Staves
 + Level 1.4 Slings
 + Level 1.4 Bows
 + Level 1.4 Crossbows
 + Level 1.4 Throwing
 + Level 4.8 Armour
 + Level 4.8 Dodging
 + Level 1.4 Stealth
 + Level 1.4 Shields
 + Level 1.4 Unarmed Combat
 + Level 1.4 Spellcasting
 + Level 1.1 Conjurations
 + Level 1.1 Hexes
 + Level 1.1 Charms
 + Level 1.1 Summonings
 + Level 1.1 Necromancy
 + Level 1.1 Translocations
 + Level 1.1 Transmutations
 + Level 1.1 Fire Magic
 + Level 1.1 Ice Magic
 + Level 1.1 Air Magic
 + Level 1.1 Earth Magic
 + Level 1.1 Poison Magic
 + Level 1.6 Invocations
 + Level 1.4 Evocations


You had 6 spell levels left.
You didn't know any spells.
Your spell library was empty.

Dungeon Overview and Level Annotations

Branches:
Dungeon (3/15)

Altars:
Okawaru

Annotations:
D:3 Grinder


Innate Abilities, Weirdness & Mutations

Your experience applies equally to all skills.
You have very sharp teeth.
Your uncanny sense of smell can sniff out nearby items.


Message History

You feel sick. The scorpion barely misses you. Grinder hits you.
You writhe in agony.
* * * LOW HITPOINT WARNING * * *
You can move again.
You hit the scorpion.
The scorpion is moderately wounded.
You feel sick. Grinder closely misses you. The scorpion stings you.
* * * LOW HITPOINT WARNING * * *
Unknown command.
You closely miss Grinder. You bite Grinder!
Grinder is moderately wounded.
Unknown command.
You sock Grinder!
Grinder is heavily wounded.
You feel sick. The scorpion stings you.
* * * LOW HITPOINT WARNING * * *
Grinder hits you.
* * * LOW HITPOINT WARNING * * *
You writhe in agony.
You die...

.....#.........#
#........#
###..#.........#
#.#)####.#
.....#.........# #.#.#
###.##.....)...### #..
...............+.# ####
...............#.#
###.####'#######.#.# ∆ #.#
#...# #s#.# #.# ###.#
###@#.#### #.# #.#
#...5....#### #.# #)#
#........#... #. #.#
#............
######.###........#.
..........#....[...#
...........#........#
#..........#........# #
#>.........#######.##.###.


You could see Grinder and a scorpion.

Vanquished Creatures
  A hound (D:2)
  Ijyb (D:3)
  3 adders (D:2)
  An ooze (D:1)
  2 worms
  4 dart slugs
  A leopard gecko (D:1)
  An orc (D:3)
  2 ball pythons (D:2)
  3 giant cockroaches (D:1)
  A goblin (D:1)
  6 hobgoblins
  6 jackals
  5 bats
  7 frilled lizards
  11 kobolds
  4 rats
59 creatures vanquished.

Notes
Turn   | Place    | Note
-------+----------+-------------------------------------------
     0 | D:1      | xccam the Gnoll Berserker began the quest for the Orb.
     0 | D:1      | Reached XP level 1. HP: 23/23 MP: 1/1
   126 | D:1      | Reached XP level 2. HP: 28/29 MP: 2/2
   414 | D:1      | Reached XP level 3. HP: 30/35 MP: 3/3
   482 | D:1      | Reached ** piety under Trog
   703 | D:2      | Reached skill level 1 in Invocations
   792 | D:2      | Reached skill level 1 in Short Blades
   792 | D:2      | Reached skill level 1 in Long Blades
   792 | D:2      | Reached skill level 1 in Axes
   792 | D:2      | Reached skill level 1 in Polearms
   792 | D:2      | Reached skill level 1 in Staves
   792 | D:2      | Reached skill level 1 in Slings
   792 | D:2      | Reached skill level 1 in Bows
   792 | D:2      | Reached skill level 1 in Crossbows
   792 | D:2      | Reached skill level 1 in Throwing
   792 | D:2      | Reached skill level 1 in Stealth
   792 | D:2      | Reached skill level 1 in Shields
   792 | D:2      | Reached skill level 1 in Unarmed Combat
   792 | D:2      | Reached skill level 1 in Spellcasting
   792 | D:2      | Reached skill level 1 in Evocations
   840 | D:2      | Reached XP level 4. HP: 27/41 MP: 5/5
  1090 | D:2      | Reached skill level 1 in Conjurations
  1090 | D:2      | Reached skill level 1 in Hexes
  1090 | D:2      | Reached skill level 1 in Charms
  1090 | D:2      | Reached skill level 1 in Summonings
  1090 | D:2      | Reached skill level 1 in Necromancy
  1090 | D:2      | Reached skill level 1 in Translocations
  1090 | D:2      | Reached skill level 1 in Transmutations
  1090 | D:2      | Reached skill level 1 in Fire Magic
  1090 | D:2      | Reached skill level 1 in Ice Magic
  1090 | D:2      | Reached skill level 1 in Air Magic
  1090 | D:2      | Reached skill level 1 in Earth Magic
  1090 | D:2      | Reached skill level 1 in Poison Magic
  1199 | D:2      | Found an iron altar of Okawaru.
  1231 | D:2      | Reached XP level 5. HP: 47/47 MP: 6/6
  1821 | D:3      | Noticed Ijyb
  1830 | D:3      | Killed Ijyb
  1849 | D:3      | Noticed Grinder
  1854 | D:3      | Paralysed by Grinder for 6 turns
  1862 | D:3      | HP: 3/70 [Grinder (4)]
  1862 | D:3      | Slain by Grinder

Skill      XL: |  1  2  3  4 |
---------------+-------------+-----
Invocations    | 1 |  1.6
Short Blades   | 1 |  1.4
Long Blades    | 1 |  1.4
Axes           | 1 |  1.4
Polearms       | 1 |  1.4
Staves         | 1 |  1.4
Slings         | 1 |  1.4
Bows           | 1 |  1.4
Crossbows      | 1 |  1.4
Throwing       | 1 |  1.4
Stealth        | 1 |  1.4
Shields        | 1 |  1.4
Unarmed Combat | 1 |  1.4
Spellcasting   | 1 |  1.4
Evocations     | 1 |  1.4
Conjurations   | 1 |  1.1
Hexes          | 1 |  1.1
Charms         | 1 |  1.1
Summonings     | 1 |  1.1
Necromancy     | 1 |  1.1
Translocations | 1 |  1.1
Transmutations | 1 |  1.1
Fire Magic     | 1 |  1.1
Ice Magic      | 1 |  1.1
Air Magic      | 1 |  1.1
Earth Magic    | 1 |  1.1
Poison Magic   | 1 |  1.1
Fighting       | |  6.7
Maces & Flails | |  6.7
Armour         | |  4.8
Dodging        | |  4.8

Action                   |  1- 3 |  4- 6 || total
-------------------------+-------+-------++-------
Melee: Mace              |    97 |    50 ||   147
       Bite              |    16 |    12 ||    28
       Punch             |     1 |       ||     1
       Flail             |       |    15 ||    15
Invok: Berserk           |       |     1 ||     1
 Stab: Sleeping          |     4 |     4 ||     8
       Distracted        |     1 |       ||     1
  Eat: Chunk             |       |     3 ||     3
Armor: Animal skin       |    14 |     9 ||    23
Dodge: Dodged            |    71 |    43 ||   114
